 Dungeon Crawl Stone Soup version 0.14-a0-2359-g1e808ab (webtiles) character file.

73 M4edhros the Vandal (level 3, -2/23 HPs)
             Began as an Octopode Hunter on Jan 31, 2014.
             Slain by a gnoll (7 damage)
             ... on Level 3 of the Dungeon.
             The game lasted 00:01:31 (766 turns).

M4edhros the Vandal (Octopode Hunter)                Turns: 766, Time: 00:01:32

HP  -2/23        AC  1     Str 11      XL: 3   Next: 18%
MP   3/3         EV 12     Int 13      God:
Gold 43          SH  0     Dex 13      Spells:  0 memorised,  2 levels left

rFire  . . .     SeeInvis .     b - +1 sling
rCold  . . .     Clarity  .     (no shield)
rNeg   . . .     Conserve .     (helmet restricted)
rPois  .         rCorr    .     (no amulet)
rElec  .         rRot     .     (no ring)
SustAb . .       Spirit   .     (no ring)
rMut   .         Warding  .     (no ring)
Saprov . . .     Stasis   .     (no ring)
MR     .....                    (no ring)
                                (no ring)
                                (no ring)
                                (no ring)

@: very slightly contaminated, hasted, very quick, not resistant to hostile
enchantments, stealthy
A: almost no armour, amphibious, 8 rings, constrict 8, antennae 1, camouflage 1,
wild magic 1, gelatinous body 1
a: no special abilities


You were on level 3 of the Dungeon.
You were not hungry.

You visited 1 branch of the dungeon, and saw 3 of its levels.

You collected 43 gold pieces.

Inventory:

Hand weapons
 a - a +0,+0 short sword
 b - a +1,+1 sling (weapon)
Missiles
 c - 11 sling bullets (quivered)
 g - 38 stones
Comestibles
 f - a bread ration
Scrolls
 d - a scroll of fear {unknown}
 e - a scroll of recharging {unknown}
 h - a scroll of random uselessness {unknown}
 i - a scroll of identify {unknown}
 k - a scroll of remove curse {unknown}


   Skills:
 - Level 1.0 Fighting
 + Level 5.0 Slings
 - Level 2.0 Dodging
 - Level 1.3 Stealth


You had 2 spell levels left.
You didn't know any spells.

Dungeon Overview and Level Annotations

Branches:
Dungeon (3/16)

Altars:


Innate Abilities, Weirdness & Mutations

You cannot wear most types of armour.
You are amphibious.
You can wear up to eight rings at the same time.
You can use your tentacles to constrict many enemies at once.
Your skin changes colour to match your surroundings (Stlth).
Your rubbery body absorbs attacks (AC +1).
You have a pair of small antennae on your head.
Your spells are a little harder to cast, but a little more powerful.


Message History

Press: ? - help, Shift-Dir - straight line, f/p - gnoll
Aim: a gnoll (lightly wounded)
You shoot a sling bullet. The sling bullet hits the gnoll.
The gnoll is moderately wounded.
The gnoll hits you but does no damage.
Firing (i - inventory. (,) - cycle):
c - 13 sling bullets (quivered)
Press: ? - help, Shift-Dir - straight line, f/p - gnoll
Aim: a gnoll (moderately wounded)
You shoot a sling bullet. The sling bullet misses the gnoll.
The sling bullet hits the gnoll.
The gnoll completely misses you. The quokka bites you.
The gnoll hits you from afar with a spear.
* * * LOW HITPOINT WARNING * * *
Firing (i - inventory. (,) - cycle):
c - 12 sling bullets (quivered)
Press: ? - help, Shift-Dir - straight line, f/p - gnoll
Aim: a gnoll (moderately wounded)
You shoot a sling bullet. The sling bullet hits the gnoll.
The gnoll is heavily wounded.
The gnoll hits you!
You die...

#. #.# #.#######
#.# #.......# #.#
#.......# #.#
........###.#######
#.......#......S..#
...............g..#
#((.....#.....gg@.#
............(..r.##
........##########
#.......# #.......#
####.#### #.# #.#
#.##########


You could see 3 gnolls, an adder and a quokka.

Vanquished Creatures
  An adder (D:3)
  2 giant geckos (D:1)
  2 goblins (D:2)
  5 hobgoblins
  A ball python (D:2)
  2 bats (D:1)
  2 giant cockroaches
  A giant newt (D:1)
  A kobold (D:2)
  3 rats
20 creatures vanquished.

Notes
Turn   | Place    | Note
--------------------------------------------------------------
     0 | D:1      | M4edhros, the Octopode Hunter, began the quest for the Orb.
     0 | D:1      | Reached XP level 1. HP: 13/13 MP: 1/1
   206 | D:1      | Reached XP level 2. HP: 8/18 MP: 2/2
   745 | D:3      | Reached skill level 5 in Slings
   745 | D:3      | Reached XP level 3. HP: 14/23 MP: 3/3
   754 | D:3      | Gained mutation: Your spells are a little harder to cast, but a little more powerful. [potion of beneficial mutation]
   755 | D:3      | Gained mutation: You have a pair of small antennae on your head. [potion of beneficial mutation]
   766 | D:3      | Slain by a gnoll

Action                   || total
-------------------------++-------
Melee: Short sword       ||    36
 Fire: Sling             ||    15
  Use: Potion            ||     4
 Stab: Sleeping          ||     2
